 Dungeon Sprint DCSS version 0.29.1-2-gbd0b4ee654 (webtiles) character file.

Game seed: 11651969513679406243

6723 Groucho the Imperceptible (level 10, -8/51 HPs)
             Began as a Spriggan Enchanter on Nov 27, 2022.
             Was an Elder of Uskayaw.
             Mangled by a demonic crawler (13 damage)
             ... in the Dungeon (Sprint I: "Red Sonja") on Nov 28, 2022.
             The game lasted 00:08:43 (1174 turns).

Groucho the Imperceptible (Spriggan Enchanter)      Turns: 1174, Time: 00:08:43

Health: -8/51      AC:  2    Str:  8    XL:     10   Next: 74%
Magic:  17/27      EV: 22    Int: 17    God:    Uskayaw [****..]
Gold:   469        SH:  0    Dex: 16    Spells: 21/34 levels left

rFire   + . .      SeeInvis +   n - +1 dagger (venom)
rCold   + + .      Faith    .   (no shield)
rNeg    . . .      Spirit   .   b - +0 robe
rPois   .          Reflect  .   (helmet restricted)
rElec   .          Harm     .   o - scarf {rC+ rF+}
rCorr   .          Rampage  .   (gloves unavailable)
Will    +....      NoTele   +   (boots unavailable)
Stlth   ++++++++..              (no amulet)
HPRegen 0.17/turn               i - ring of protection from cold
MPRegen 0.20/turn               m - ring of flight

@: confusing by touch, flying, studying Throwing, very quick
A: very small, no large weapons, unfitting armour, see invisible, speed 3
a: Renounce Religion, Stomp, Line Pass


You were in the Dungeon.
You worshipped Uskayaw.
Uskayaw was aware of your devotion.
You visited 1 branch You collected 1516 gold pieces.
You spent 1047 gold pieces at shops.

Inventory:

Hand Weapons
 a - a +1 dagger
 n - a +1 dagger of venom (weapon)
Missiles
 p - 12 stones (quivered)
 r - 5 curare-tipped darts
Armour
 b - a +0 robe (worn)
 o - a scarf of resistance (worn)
Jewellery
 i - a ring of protection from cold (left hand)
 l - the ring "Netrian" {Fire Dex+7}
   (You bought it in a shop in the Dungeon)

   [ring of fire]

   It enhances your fire magic.
   Dex:       It affects your dexterity (+7).
   rF:        It protects you from fire.
   rC:        It makes you vulnerable to cold.
 m - a ring of flight (right hand)
Wands
 h - a wand of digging (7)
Scrolls
 k - 2 scrolls of identify {unknown}
 s - a scroll of magic mapping {unknown}
 t - a scroll of amnesia {unknown}
Potions
 c - 3 potions of invisibility
 d - 3 potions of curing
 e - a potion of heal wounds
 f - a potion of haste
 g - 2 potions of magic
 j - a potion of cancellation {unknown}
 q - a potion of brilliance {unknown}


   Skills:
 + Level 5.4 Fighting
 * Level 10.4 Short Blades
 + Level 9.2 Dodging
 * Level 21.8 Stealth
 + Level 12.6 Spellcasting
 + Level 12.9 Hexes
 * Level 9.5 Invocations


You had 21 spell levels left.
You knew the following spells:

 Your Spells              Type           Power      Damage    Failure   Level
a - Ensorcelled Hibernat  Hex/Ice        64%        N/A       1%          2
b - Confusing Touch       Hex            53%        N/A       1%          3
c - Dazzling Flash        Conj/Hex       64%        N/A       1%          3
d - Tukima's Dance        Hex            53%        N/A       1%          3
e - Passwall              Tmut/Erth      8%         N/A       10%         2

Your spell library contained the following spells:

 Spells                   Type           Power      Damage    Failure   Level
 Wereblood                Tmut           10%        N/A       10%         2
 Ice Form                 Ice/Tmut       10%        N/A       54%         4


Dungeon Overview and Level Annotations

Branches:
Dungeon (1/1)

Altars:
Cheibriados
Dithmenos
Elyvilon
Fedhas
Gozag
Hepliaklqana
Kikubaaqudgha
Makhleb
Nemelex Xobeh
Okawaru
Qazlal
Ru
Sif Muna
Trog
Uskayaw
Vehumet
Wu Jian
Xom
Yredelemnul
Zin
The Shining One
Jiyva
Lugonu

Shops:
D ?*[[*[=:([:!*:[[*


Innate Abilities, Weirdness & Mutations

You are very small and have problems with some larger weapons.
You are too small for most types of armour.
You have supernaturally acute eyesight. (SInv)
You cover ground extremely quickly. (Speed+++)


Message History

You perforate the demonic crawler like a sieve!!!!!
You kill the demonic crawler!
Uskayaw will force your foes to share their pain.
Uskayaw links your audience in an emotional bond!
Your Dodging skill increases to level 9!
Unknown command.
The demonic crawler is no longer blind.
The demonic crawler is no longer paralysed.
The demonic crawler is no longer blind.
You see here a demonic crawler corpse.
The helpless demonic crawler fails to defend itself.
You stick the demonic crawler like a pincushion!!!!!
You destroy the gargoyle!
You kill the demonic crawler!
The demonic crawler hits you. x2
The demonic crawler completely misses you.
There is an open door here.
Casting: Dazzling Flash (safe; 1% risk of failure)
Confirm with . or Enter, or press ? or * to list all spells.
Your hands begin to glow red.
The demonic crawler hits you!
The demonic crawler completely misses you.
The demonic crawler barely misses you.
You are too injured to fight recklessly!
The demonic crawler is no longer sharing its pain.
The demonic crawler shrieks in warning!
You feel much better.
You hit the demonic crawler but do no damage.
The demonic crawler is severely wounded.
The demonic crawler hits you! The demonic crawler closely misses you.
The demonic crawler hits you!
Your magical contamination has completely faded away.
Unknown command.
Unknown command.
You hit the demonic crawler but do no damage.
The demonic crawler is severely wounded.
You hit the demonic crawler but do no damage.
The demonic crawler is severely wounded.
The demonic crawler hits you. The demonic crawler hits you!
* * * LOW HITPOINT WARNING * * *
The demonic crawler hits you!
You die...

######################
..'..#.['..#__#.@s††)#
).#.)'..#..'..'..#†..##+#
####'#####'#__####)..)..#
###..#...#[####§§#####..+
__####..##§#§§~§)#..# ##
_____##'#_§§§~~§§'..#
_.∩...'..§§#~§~.)#..#
_..__##_§#'##+#####'###
_____###'#)#....###.'.#


You could see a demonic crawler.

Vanquished Creatures
  2 centaur warriors (D)
  Sonja (D)
  A deep troll (D)
  An oklob plant (D)
  2 unseen horrors (D)
  3 demonic crawlers (D)
  A gargoyle (D)
  2 kobold demonologists (D)
  A hornet (D)
  A slime creature (D)
  Sigmund (D)
  A yak (D)
  2 redbacks (D)
  2 floating eyes (D)
  An ogre (D)
  7 necrophages (D)
  8 jellies (D)
  Ijyb (D)
  A ballistomycete spore (D)
39 creatures vanquished.

Vanquished Creatures (others)
  A ballistomycete spore (D)
1 creature vanquished.

Grand Total: 40 creatures vanquished

Notes
Turn   | Place    | Note
-------+----------+-------------------------------------------
     0 | D        | Groucho the Spriggan Enchanter began the quest for the Orb.
     0 | D        | Reached XP level 1. HP: 9/9 MP: 5/5
     4 | D        | Noticed Ijyb
    18 | D        | Killed Ijyb
    19 | D        | Reached skill level 7 in Stealth
    19 | D        | Reached skill level 5 in Hexes
    19 | D        | Reached XP level 2. HP: 9/13 MP: 6/8
   274 | D        | Learned a level 2 spell: Ensorcelled Hibernation
   278 | D        | Noticed an ogre
   280 | D        | Killed an ogre
   281 | D        | Reached skill level 10 in Stealth
   281 | D        | Reached XP level 3. HP: 16/16 MP: 8/11
   281 | D        | Reached XP level 4. HP: 21/21 MP: 9/13
   298 | D        | Learned a level 3 spell: Confusing Touch
   298 | D        | Noticed Sigmund
   300 | D        | Killed Sigmund
   301 | D        | Reached skill level 14 in Stealth
   301 | D        | Reached XP level 5. HP: 24/24 MP: 11/16
   301 | D        | Reached XP level 6. HP: 28/28 MP: 12/18
   305 | D        | Learned a level 3 spell: Dazzling Flash
   317 | D        | Found a shimmering blue altar of Sif Muna.
   318 | D        | Found an ornate altar of the Wu Jian Council.
   319 | D        | Found a radiant altar of Vehumet.
   341 | D        | Found Qonabbod's General Store.
   341 | D        | Found an ancient bone altar of Kikubaaqudgha.
   341 | D        | Found a hazy altar of Hepliaklqana.
   341 | D        | Found a stormy altar of Qazlal.
   341 | D        | Found a hide-covered altar of Uskayaw.
   341 | D        | Found a blossoming altar of Fedhas.
   341 | D        | Found a bloodstained altar of Trog.
   341 | D        | Found an iron altar of Okawaru.
   341 | D        | Found a basalt altar of Yredelemnul.
   341 | D        | Found a glowing golden altar of the Shining One.
   341 | D        | Found a snail-covered altar of Cheibriados.
   341 | D        | Found a sacrificial altar of Ru.
   341 | D        | Found a glowing silver altar of Zin.
   341 | D        | Found a shadowy altar of Dithmenos.
   341 | D        | Found a white marble altar of Elyvilon.
   341 | D        | Noticed a yak
   342 | D        | Found an opulent altar of Gozag.
   343 | D        | Killed a yak
   344 | D        | Reached skill level 16 in Stealth
   344 | D        | Found a sparkling altar of Nemelex Xobeh.
   348 | D        | Became a worshipper of Uskayaw the Reveller
   370 | D        | Found a burning altar of Makhleb.
   370 | D        | Found a shimmering altar of Xom.
   370 | D        | Noticed a slime creature
   371 | D        | Found a viscous altar of Jiyva.
   371 | D        | Found a corrupted altar of Lugonu.
   373 | D        | Killed a slime creature
   373 | D        | Reached * piety under Uskayaw
   374 | D        | Reached skill level 17 in Stealth
   374 | D        | Reached skill level 10 in Hexes
   374 | D        | Reached XP level 7. HP: 32/32 MP: 21/21
   399 | D        | Noticed a centaur warrior
   399 | D        | Noticed a centaur warrior
   400 | D        | Killed a centaur warrior
   400 | D        | Reached ** piety under Uskayaw
   401 | D        | Reached skill level 18 in Stealth
   401 | D        | Reached skill level 10 in Spellcasting
   401 | D        | Reached XP level 8. HP: 39/39 MP: 21/23
   401 | D        | Killed a centaur warrior
   401 | D        | Reached *** piety under Uskayaw
   402 | D        | Reached skill level 5 in Dodging
   402 | D        | Reached skill level 19 in Stealth
   402 | D        | Reached skill level 5 in Invocations
   409 | D        | Noticed a hornet
   412 | D        | Killed a hornet
   413 | D        | Reached XP level 9. HP: 44/44 MP: 22/25
   423 | D        | Noticed an oklob plant
   425 | D        | Killed an oklob plant
   449 | D        | Noticed an unseen horror
   450 | D        | Noticed an unseen horror
   456 | D        | Killed an unseen horror
   457 | D        | Reached skill level 20 in Stealth
   459 | D        | Killed an unseen horror
   842 | D        | Reached **** piety under Uskayaw
   873 | D        | Reached ***** piety under Uskayaw
   883 | D        | Reached XP level 10. HP: 51/51 MP: 19/26
   905 | D        | Found Etaugh's Antique Armour Shoppe.
   905 | D        | Found Eheowu Qomp's Armour Shop.
   905 | D        | Found Jylifal's Assorted Antiques.
   907 | D        | Found Ytocie Kump's Armour Emporium.
   907 | D        | Found Egulasask's Jewellery Shop.
   907 | D        | Found Pigheig's Book Shoppe.
   907 | D        | Found Emajamah's Antique Weapon Boutique.
   907 | D        | Found Kemn's Antique Armour Emporium.
   907 | D        | Found Bek Rair's Book Shop.
   907 | D        | Found Risch's Distillery.
   911 | D        | Found Loariraiso's Assorted Antiques.
   912 | D        | Found Woyrchi's Armour Emporium.
   912 | D        | Found Utwonle's Book Boutique.
   913 | D        | Found Aroug's General Store.
   933 | D        | Bought a flickering iron ring for 130 gold pieces
   933 | D        | Identified the ring "Netrian" {Fire Dex+7} (You bought it
                  | in a shop in the Dungeon)
   935 | D        | Bought a ring of flight for 210 gold pieces
   943 | D        | Bought the Writings on Shapeshifting for 220 gold pieces
   947 | D        | Learned a level 3 spell: Tukima's Dance
   950 | D        | Learned a level 2 spell: Passwall
   956 | D        | Bought a runed dagger for 135 gold pieces
   960 | D        | Bought a scarf of resistance for 352 gold pieces
  1017 | D        | Noticed a deep troll
  1019 | D        | Killed a deep troll
  1034 | D        | Found Lepighon's Armour Emporium.
  1053 | D        | Noticed Sonja
  1056 | D        | Killed Sonja
  1057 | D        | Reached skill level 21 in Stealth
  1114 | D        | Found Muzxoy's Magic Scroll Boutique.
  1153 | D        | Reached skill level 5 in Fighting
  1164 | D        | Noticed a gargoyle
  1165 | D        | Reached skill level 10 in Short Blades
  1167 | D        | Killed a gargoyle
  1174 | D        | Mangled by a demonic crawler

Illustrated notes

Levels and vault maps discovered:
D:        dungeon_sprint_1 [red_sonja_temple_1, red_sonja_temple_small_1]

Skill      XL: |  1  2  3  4  5  6  7  8  9 10 |
---------------+-------------------------------+-----
Stealth        | 7 10 14 17 18 19 20 21 | 21.8
Spellcasting   | 4 6 8 9 10 11 12 | 12.6
Hexes          | 5 6 8 10 11 12 | 12.9
Fighting       | 2 3 4 5 |  5.4
Short Blades   | 4 6 8 10 | 10.4
Dodging        | 4 5 7 9 |  9.2
Invocations    | 3 5 7 9 |  9.5

Action                   |  1- 3 |  4- 6 |  7- 9 | 10-12 || total
-------------------------+-------+-------+-------+-------++-------
Melee: Dagger            |    10 |     4 |    30 |    14 ||    58
Throw: Stone             |       |       |       |     1 ||     1
 Cast: Confusing Touch   |       |       |     3 |     2 ||     5
       Ensorcelled Hiber |       |       |     3 |       ||     3
       Dazzling Flash    |       |       |       |     2 ||     2
  Use: Potion            |     1 |       |       |     1 ||     2
       Scroll            |       |       |     1 |       ||     1
 Stab: Sleeping          |     2 |     4 |    19 |     5 ||    30
       Paralysed         |       |       |     4 |     3 ||     7
       Confused          |       |       |     2 |     1 ||     3
       Invisible         |       |       |       |     1 ||     1
Dodge: Dodged            |     6 |       |     8 |    14 ||    28
